 Dungeon Crawl Stone Soup version 0.17-a0-1570-g74b7129 (webtiles) character file.

123617 Chiseanne the End of an Era (level 16, -2/117 HPs)
             Began as a Demonspawn Wanderer on July 23, 2015.
             Was the Champion of Qazlal.
             Shot with an arrow by a naga sharpshooter (14 damage)
             ... on level 3 of the Snake Pit.
             The game lasted 01:52:23 (27171 turns).

Chiseanne the End of an Era (Demonspawn Wanderer)  Turns: 27171, Time: 01:52:23

Health: -2/117     AC: 19    Str: 24    XL:     16   Next: 37%
Magic:  24/31      EV: 15    Int: 15    God:    Qazlal [******]
Gold:   1123       SH: 30    Dex: 15    Spells: 9 memorised, 19 levels left

rFire  . . .     SeeInvis .     a - +5 war axe (elec)
rCold  . . .     Clarity  .     R - +0 chain mail "Qaox" {Regen+ rCorr Str+2 Int-2}
rNeg   . . .     SustAt   .     c - +3 large shield {rPois}
rPois  +         Gourm    .     P - +2 helmet
rElec  .         Spirit   .     M - +1 cloak of the Country {Str+3}
rCorr  +         Warding  .     (gloves unavailable)
rMut   .         Stasis   .     U - +0 pair of boots
MR     +....                    Z - amulet of faith
Stlth  ..........               S - ring of wizardry
                                O - +6 ring of evasion

@: mighty, repel missiles, somewhat resistant to hostile enchantments, extremely
unstealthy
A: claws 3, yellow scales 1, powered by pain 3, spiny 3, augmentation 1
a: Upheaval, Elemental Force, Disaster Area, Renounce Religion


You were on level 3 of the Snake Pit.
You worshipped Qazlal.
Qazlal was exalted by your worship.
You were very full.

You visited 5 branches of the dungeon, and saw 28 of its levels.
You also visited: Labyrinth and Ossuary.

You collected 2370 gold pieces.
You spent 1247 gold pieces at shops.

Inventory:

Hand weapons
 a - a +5 war axe of electrocution (weapon)
 s - a +3 war axe of flaming
 w - a +0 blowgun
 C - a +2 hand crossbow of velocity
Missiles
 F - 3 curare-tipped needles
 N - 22 bolts
Armour
 c - a +3 large shield of poison resistance (worn)
 g - the +6 ring mail "Onoileo" {Regen+}
   (You found it on level 14 of the Dungeon)

   It increases your rate of regeneration.
 h - the +1 ring mail "Tanoikiq" {rPois Int+5}
   (You found it on level 1 of the Snake Pit)

   It affects your intelligence (+5).
   It protects you from poison.
 i - the +0 ring mail of Patience {rN+ Dex+2}
   (You bought it in a shop on level 2 of the Orcish Mines)

   It affects your dexterity (+2).
   It protects you from negative energy.
 v - the +8 ring mail of the Duke {Dex+3 SInv}
   (You found it on level 4 of the Dungeon)

   It affects your dexterity (+3).
   It lets you see invisible.
 M - the +1 cloak of the Country (worn) {Str+3}
   (You acquired it in an ossuary)

   It affects your strength (+3).
 P - a +2 helmet (worn)
 R - the +0 chain mail "Qaox" (worn) {Regen+ rCorr Str+2 Int-2}
   (You acquired it on level 4 of the Lair of Beasts)

   It affects your strength (+2).
   It affects your intelligence (-2).
   It increases your rate of regeneration.
   It protects you from acid and corrosion.
 U - a +0 pair of boots (worn)
Jewellery
 f - an uncursed amulet of warding {unknown}
 j - an uncursed amulet of stasis {unknown}
 y - an uncursed ring of positive energy
 G - an uncursed ring of poison resistance
 O - a +6 ring of evasion (left claw)
 Q - an uncursed ring of magical power
 S - a ring of wizardry (right claw)
 Z - an amulet of faith (around neck)
Magical devices
 b - a wand of disintegration (4)
 d - a wand of teleportation (2)
 k - a wand of disintegration (6)
 l - a wand of digging (3)
 B - a wand of teleportation (7)
 J - a wand of teleportation (5)
 L - a wand of cold (6)
 Y - a wand of invisibility (3)
Scrolls
 m - 16 scrolls of teleportation
 o - 3 scrolls of fog
 r - a scroll of amnesia
 u - 6 scrolls of recharging
 z - 3 scrolls of remove curse
 V - 4 scrolls of fear
Potions
 p - 4 potions of curing
 x - 3 potions of might
 E - 2 potions of flight
 K - 2 potions of resistance
 T - a potion of invisibility {unknown}
 X - a potion of brilliance
Books
 e - the Grimoire of the Traveller
   (You found it in a labyrinth)

   Spells                             Type                      Level
   a - Shroud of Golubria             Charms/Translocation         2
   b - Teleport Other                 Translocation                3
   c - Warp Weapon                    Charms/Translocation         5
   d - Phase Shift                    Translocation                5
 I - a book of Geomancy

   Spells                             Type                      Level
   a - Sandblast                      Earth                        1
   b - Stoneskin                      Transmutation/Earth          2
   c - Passwall                       Transmutation/Earth          3
   d - Stone Arrow                    Conjuration/Earth            3
   e - Petrify                        Transmutation/Earth          4
   f - Lee's Rapid Deconstruction     Earth                        5
 W - a Necronomicon

   Spells                             Type                      Level
   a - Haunt                          Necromancy/Summoning         7
   b - Borgnjor's Revivification      Necromancy                   8
   c - Death's Door                   Charms/Necromancy            8
   d - Necromutation                  Transmutation/Necromancy     8
Miscellaneous
 n - a sack of spiders
Comestibles
 t - 10 bread rations
 D - 5 meat rations


   Skills:
 - Level 8.2 Fighting
 - Level 12.3 Axes
 - Level 1.0 Throwing
 * Level 7.0 Armour
 - Level 7.2 Dodging
 * Level 11.6 Shields
 + Level 11.5 Spellcasting
 + Level 11.2 Hexes
 - Level 5.0 Charms
   Level 1.0 Summonings
 - Level 12.9 Invocations


You had 19 spell levels left.
You knew the following spells:

 Your Spells              Type           Power        Failure   Level  Hunger
a - Corona                Hex            #####..      1%          1    None
b - Infusion              Chrm           ###...       19%         1    None
c - Confuse               Hex            #####...     4%          3    None
d - Tukima's Dance        Hex            #####...     4%          3    None
e - Spectral Weapon       Hex/Chrm       ####....     16%         3    None
f - Ensorcelled Hibernat  Hex/Ice        ####..       26%         2    None
g - Dazzling Spray        Conj/Hex       ####....     58%         3    None
h - Shroud of Golubria    Chrm/Tloc      ###.......   82%         2    None
i - Apportation           Tloc           #.........   96%         1    None


Dungeon Overview and Level Annotations

Branches:
Dungeon (15/15)            Temple (1/1) D:4            Lair (5/8) D:9
  Snake (4/4) Lair:5          Orc (3/4) D:12         Vaults (0/5) D:13
 Depths (0/5) D:15
  Swamp: Lair:3-6    Shoals: Lair:3-6       Elf: Orc:3-4

Altars:
Ashenzari
Cheibriados
Dithmenos
Elyvilon
Fedhas
Gozag
Kikubaaqudgha
Makhleb
Nemelex Xobeh
Okawaru
Qazlal
Ru
Sif Muna
Trog
Vehumet
Xom
Yredelemnul
Zin
The Shining One
Beogh

Shops:
D:5 (   D:6 *   D:9 (   D:10 %   D:15 }   Orc:1 }   Orc:2 [


Innate Abilities, Weirdness & Mutations

You have claws for hands.
You are partially covered in yellow scales (AC +2).
You are powered by pain.
You are completely covered in sharp spines.
Your magical and physical power is slightly enhanced at high health.


Message History

* * * LOW HITPOINT WARNING * * *
Your scimitar closely misses the naga sharpshooter.
The naga sharpshooter shoots an arrow.
The arrow completely misses you.
Your scimitar hits the naga sharpshooter!
Found a shattered altar of Ashenzari.
Drink which item? (? for menu, Esc to quit)
You feel better.
Your scimitar completely misses the naga sharpshooter.
The naga sharpshooter mumbles some strange words.
The naga sharpshooter magically shoots an arrow.
The arrow hits you!
* * * LOW HITPOINT WARNING * * *
Drink which item? (? for menu, Esc to quit)
You feel better.
You hear a shout! x2
Your scimitar hits the naga sharpshooter.
The naga sharpshooter gestures wildly while chanting.
The naga sharpshooter magically shoots an arrow.
The arrow hits you!
You die...

.## # N.#
.#.#. #.#
.....§####N.#
.....(N@...(#
..._...#(§..#
......##....#
#..... ##[..#
##### ##.##
##


You could see 2 naga sharpshooters and a friendly scimitar.

Vanquished Creatures
  Rupert (D:13)
  Gastronok (D:10)
  4 greater nagas (Snake:4)
  The ghost of FIQ the Grappler, a powerful TrMo of Yredelemnul (Lair:5)
  A large abomination (D:13)
  The ghost of Tyryt0 the Markscentaur, a powerful CeHu of the Shining One (D:13)
  5 hydras
  A minotaur (Lab)
  5 naga warriors
  7 anacondas
  The ghost of jyrma the Impaler, a powerful MiFi of Makhleb (D:13)
  A catoblepas (D:15)
  An alligator snapping turtle (shapeshifter) (D:15)
  7 centaur warriors
  An ogre mage (D:15)
  A queen ant (D:12)
  2 tengu warriors
  3 death yaks (Lair:5)
  7 naga sharpshooters
  2 shock serpents
  Urug (D:11)
  The ghost of Promi the Cudgeler, an experienced TrBe of Trog (D:7)
  Nergalle (D:14)
  A salamander mystic (Snake:2)
  A deep elf knight (D:13)
  4 unseen horrors
  3 skeletal warriors (D:15)
  A sea snake (Snake:1)
  2 naga ritualists
  A giant orange brain (D:15)
  Pikel (D:6)
  6 hill giants
  4 mana vipers
  4 lindwurms (Lair:2)
  An orc sorcerer (Orc:3)
  14 ugly things
  3 cyclopes
  A wolf spider zombie (D:14)
  4 oklob plants
  An orc knight (D:13)
  18 black mambas
  2 salamanders (Snake:1)
  6 manticores
  4 spiny frogs
  2 guardian serpents
  8 naga magi
  4 gargoyles
  A fire drake (Lair:5)
  2 efreet
  The ghost of Promi the Skirmisher, an average OgBe of Trog (D:4)
  3 komodo dragons
  8 yaktaurs (D:13)
  A kobold demonologist (D:15)
  The ghost of FIQ the Ruffian, an average TrMo (Ossuary)
  A deep elf priest (D:13)
  4 trolls
  A queen bee (D:8)
  A tengu conjurer (D:15)
  2 two-headed ogres
  A polar bear (Lair:4)
  A minotaur skeleton (Lab)
  13 blink frogs
  4 slime creatures
  2 trapdoor spiders
  A vampire (D:15)
  A trapdoor spider (shapeshifter) (D:10)
  2 wyverns
  3 deep elf magi
  2 wraiths
  2 basilisks
  13 hippogriffs
  A deep elf fighter (D:13)
  35 yaks
  6 vampire mosquitoes
  3 hungry ghosts
  Menkaure (D:6)
  2 wargs
  11 wolves
  A mottled dragon (D:15)
  20 nagas
  23 soldier ants
  Duvessa (D:5)
  19 orc warriors
  A wasp (D:8)
  7 porcupines
  7 water moccasins
  A sky beast (shapeshifter) (D:15)
  2 black bears
  2 phantoms
  6 ice beasts
  14 ogres
  4 sky beasts
  An eye of draining (D:13)
  2 necrophages (D:13)
  10 crocodiles
  19 centaurs
  3 brain worms
  A crocodile (shapeshifter) (D:15)
  Blork the orc (D:5)
  20 giant frogs
  10 big kobolds
  A gnoll sergeant (D:9)
  A water moccasin zombie (D:7)
  2 wyvern skeletons
  7 scorpions
  Dowan (D:5)
  24 killer bees (D:8)
  2 electric eels (Snake:1)
  A killer bee (shapeshifter) (D:15)
  14 wights
  8 crimson imps
  A quasit (D:10)
  Crazy Yiuf (D:6)
  A giant frog zombie (D:10)
  9 hounds
  4 jellies
  23 orc priests
  4 giant frog skeletons (D:12)
  9 iguanas
  22 orc wizards
  32 worker ants
  6 centaur skeletons
  4 sheep (Lair:5)
  A worker ant zombie (D:10)
  A mummy (Ossuary)
  8 gnolls
  15 adders
  39 river rats
  4 shadow imps
  2 adder zombies (D:7)
  A worm (D:5)
  162 orcs
  A bat skeleton (D:6)
  2 bat zombies
  6 giant cockroaches
  16 goblins
  18 hobgoblins
  10 jackals
  54 kobolds
  2 quokkas (D:9)
  2 ball pythons
  9 bats
  5 giant geckos
  5 giant newts
  7 gnoll skeletons (Ossuary)
  2 jackal zombies
  9 kobold skeletons (Ossuary)
  9 orc skeletons (Ossuary)
  15 rats
  19 fungi
  16 plants
  17 spectral weapons
1091 creatures vanquished.

Vanquished Creatures (collateral kills)
  2 naga warriors (Snake:4)
  A shock serpent (Snake:4)
  A tengu warrior (D:15)
  A salamander mystic (Snake:2)
  A skeletal warrior (D:15)
  2 naga ritualists
  A hill giant (D:15)
  A mana viper (Snake:2)
  A naga mage (Snake:2)
  2 two-headed ogres
  6 nagas
  A water moccasin (D:10)
  An orc warrior (D:12)
  A wight (D:14)
  An orc priest (D:12)
  A shadow imp (D:13)
  7 orcs
  A kobold (D:13)
32 creatures vanquished.

Vanquished Creatures (others)
  7 dancing weapons
  A black bear (D:6)
  A slave (D:6)
  2 fungi
  A plant (Snake:1)
  12 spectral weapons
24 creatures vanquished.

Grand Total: 1147 creatures vanquished

Notes
Turn   | Place    | Note
--------------------------------------------------------------
     0 | D:1      | Chiseanne the Demonspawn Wanderer began the quest for the Orb.
     0 | D:1      | Chiseanne set off with: a book of Maledictions, the Disquisition on Self-Knowledge, a +0 hand axe, a +0 robe, a bread ration
     0 | D:1      | Reached XP level 1. HP: 15/15 MP: 1/1
     0 | D:1      | Identified the Disquisition on Self-Knowledge
   543 | D:1      | Gained mutation: You are partially covered in sharp spines. [demonic ancestry]
   543 | D:1      | Reached XP level 2. HP: 16/21 MP: 3/3
   615 | D:1      | Learned a level 1 spell: Corona
   618 | D:1      | Learned a level 1 spell: Infusion
   926 | D:1      | Reached skill level 1 in Spellcasting
   984 | D:1      | Reached skill level 1 in Dodging
  1175 | D:1      | Gained mutation: You have sharp fingernails. [demonic ancestry]
  1175 | D:1      | Reached XP level 3. HP: 27/27 MP: 4/4
  1412 | D:2      | Found a sacrificial altar of Ru.
  1416 | D:2      | Became a worshipper of Ru the Awakened
  2300 | D:3      | Gained mutation: You are mostly covered in sharp spines. [demonic ancestry]
  2300 | D:3      | Reached XP level 4. HP: 31/33 MP: 6/6
  2756 | D:4      | Noticed Promi's ghost (average OgBe)
  3284 | D:4      | Reached skill level 1 in Charms
  3303 | D:4      | Got a bronze ring mail
  3322 | D:4      | Identified the cursed +1 ring mail "Meloy" {rPois} (You found it on level 4 of the Dungeon)
  3371 | D:4      | Killed Promi's ghost
  3371 | D:4      | Reached XP level 5. HP: 15/41 MP: 6/8
  3371 | D:4      | Gained mutation: You are partially covered in yellow scales (AC +2). [demonic ancestry]
  3371 | D:4      | Reached XP level 6. HP: 17/47 MP: 6/9
  3633 | D:4      | Got a smelly ring mail
  3638 | D:4      | Learned a level 3 spell: Confuse
  3642 | D:4      | Learned a level 3 spell: Tukima's Dance
  3645 | D:4      | Learned a level 2 spell: Ensorcelled Hibernation
  3710 | D:4      | Found a staircase to the Ecumenical Temple.
  3725 | Temple   | Entered the Ecumenical Temple
  3824 | Temple   | Fell from the grace of Ru
  3824 | Temple   | Became a worshipper of Qazlal Stormbringer
  4449 | D:4      | Gained mutation: You sometimes gain a little power by taking damage. [demonic ancestry]
  4449 | D:4      | Reached XP level 7. HP: 52/52 MP: 11/11
  4685 | D:5      | Entered Level 5 of the Dungeon
  4776 | D:5      | Noticed Blork the orc
  4799 | D:5      | Killed Blork the orc
  4799 | D:5      | Reached skill level 5 in Hexes
  5061 | D:5      | Noticed a wyvern
  5076 | D:5      | Killed a wyvern
  5076 | D:5      | Acquired Qazlal's first power
  5090 | D:5      | Gained mutation: You are completely covered in sharp spines. [demonic ancestry]
  5090 | D:5      | Reached XP level 8. HP: 21/60 MP: 3/13
  5339 | D:5      | Noticed Dowan
  5349 | D:5      | Killed Dowan
  5565 | D:5      | Noticed Duvessa
  5571 | D:5      | Killed Duvessa
  5626 | D:5      | Found Cipsyv's Weapon Emporium.
  5706 | D:6      | Reached skill level 5 in Fighting
  5895 | D:6      | Found a sand-covered staircase.
  5900 | Ossuary  | Entered an ossuary
  5932 | Ossuary  | Identified a scroll of acquirement
  5933 | Ossuary  | Got an encrusted cloak
  5944 | Ossuary  | Identified the +1 cloak of the Country {Str+3} (You acquired it in an ossuary)
  5961 | Ossuary  | Noticed FIQ's ghost (average TrMo)
  5973 | Ossuary  | Killed FIQ's ghost
  5973 | Ossuary  | Reached XP level 9. HP: 42/68 MP: 14/16
  5973 | Ossuary  | Reached skill level 5 in Armour
  5976 | Ossuary  | Acquired Qazlal's second power
  6118 | Ossuary  | Identified the +8 ring mail of the Duke {Dex+3 SInv} (You found it on level 4 of the Dungeon)
  6179 | D:6      | Learned a level 3 spell: Spectral Weapon
  6183 | D:6      | Learned a level 3 spell: Dazzling Spray
  6345 | D:6      | Found a basalt altar of Yredelemnul.
  6403 | D:6      | Reached skill level 5 in Spellcasting
  6610 | D:6      | Noticed Menkaure
  6619 | D:6      | Killed Menkaure
  6910 | D:6      | Noticed Pikel
  6914 | D:6      | Killed Pikel
  6914 | D:6      | Reached skill level 6 in Fighting
  7164 | D:6      | Found Muashrof's Serpentskin Sales.
  7167 | D:6      | Acquired Qazlal's third power
  7463 | D:6      | Noticed Crazy Yiuf
  7466 | D:6      | Killed Crazy Yiuf
  7466 | D:6      | Reached skill level 5 in Dodging
  7592 | D:7      | Found an opulent altar of Gozag.
  7597 | D:7      | Found a blossoming altar of Fedhas.
  7600 | D:7      | Found a bloodstained altar of Trog.
  7603 | D:7      | Found a shattered altar of Ashenzari.
  8138 | D:7      | Noticed Promi's ghost (experienced TrBe)
  8152 | D:7      | Killed Promi's ghost
  8152 | D:7      | Reached skill level 7 in Fighting
  8152 | D:7      | Gained mutation: You have very sharp fingernails. [demonic ancestry]
  8152 | D:7      | Reached XP level 10. HP: 43/79 MP: 19/19
  8854 | D:8      | Acquired Qazlal's fourth power
  9203 | D:8      | Acquired Qazlal's fifth power
  9206 | D:8      | Reached skill level 8 in Fighting
 10025 | D:5      | Bought a +5 war axe of electrocution for 428 gold pieces
 10341 | D:9      | Found Rueng's Weapon Boutique.
 10362 | D:9      | Gained mutation: You have claws for hands. [demonic ancestry]
 10362 | D:9      | Reached XP level 11. HP: 79/86 MP: 7/22
 10410 | D:9      | Found a staircase to the Lair.
 10511 | D:9      | Reached skill level 5 in Charms
 10603 | D:9      | Found a glowing golden altar of the Shining One.
 10864 | D:10     | Entered Level 10 of the Dungeon
 10884 | D:10     | Noticed Gastronok
 10891 | D:10     | Killed Gastronok
 10891 | D:10     | Reached skill level 5 in Axes
 10978 | D:10     | Noticed a centaur warrior
 10987 | D:10     | Killed a centaur warrior
 11369 | D:10     | Noticed an unseen horror
 11375 | D:10     | Killed an unseen horror
 11402 | D:10     | Noticed a hill giant
 11417 | D:10     | Killed a hill giant
 11431 | D:10     | Found Nopak's Food Emporium.
 11803 | D:10     | Noticed a hill giant
 11811 | D:10     | Killed a hill giant
 11837 | D:10     | Reached skill level 9 in Axes
 11837 | D:10     | Gained mutation: You sometimes gain power by taking damage. [demonic ancestry]
 11837 | D:10     | Reached XP level 12. HP: 91/93 MP: 10/23
 11902 | D:10     | Reached skill level 1 in Invocations
 12493 | D:11     | Noticed a five-headed hydra
 12503 | D:11     | Noticed a seven-headed hydra
 12512 | D:11     | Noticed Nergalle
 12514 | D:11     | Killed a five-headed hydra
 12731 | D:9      | Bought a +2 flail of protection for 178 gold pieces
 12798 | D:11     | Reached skill level 5 in Invocations
 13301 | D:11     | Found a roughly hewn altar of Beogh.
 13366 | D:11     | Noticed Urug
 13386 | D:11     | Killed Urug
 13560 | D:11     | Reached skill level 10 in Axes
 13678 | D:11     | Killed a seven-headed hydra
 14038 | D:11     | Noticed a five-headed hydra
 14048 | D:11     | Killed a five-headed hydra
 14048 | D:11     | Reached skill level 10 in Invocations
 14247 | D:12     | Found a roughly hewn altar of Beogh.
 14247 | D:12     | Found a staircase to the Orcish Mines.
 14630 | D:12     | Reached XP level 13. HP: 98/98 MP: 18/24
 14638 | D:12     | Reached skill level 11 in Invocations
 14706 | D:12     | Reached skill level 12 in Invocations
 15585 | D:13     | Noticed jyrma's ghost (powerful MiFi)
 15596 | D:13     | Killed jyrma's ghost
 15646 | D:13     | Noticed Tyryt0's ghost (powerful CeHu)
 15655 | D:13     | Killed Tyryt0's ghost
 16087 | D:13     | Noticed Rupert
 16125 | D:13     | Killed Rupert
 16279 | D:13     | Reached skill level 5 in Shields
 16829 | D:13     | Found a gate to the Vaults.
 17395 | D:14     | Killed Nergalle
 17395 | D:14     | Gained mutation: Your magical and physical power is slightly enhanced at high health. [demonic ancestry]
 17395 | D:14     | Reached XP level 14. HP: 87/105 MP: 7/25
 17601 | D:14     | Got a jewelled ring mail
 18155 | D:15     | Entered Level 15 of the Dungeon
 18342 | D:15     | Found Wypiq's Gadget Emporium.
 18798 | D:15     | Noticed an emperor scorpion
 18798 | D:15     | a catoblepas changed into an emperor scorpion
 18815 | D:15     | Noticed a quicksilver dragon
 18822 | D:15     | a quicksilver dragon changed into an alligator snapping turtle
 19352 | D:15     | Found a staircase to the Depths.
 19533 | D:15     | Identified the +6 ring mail "Onoileo" {Regen+} (You found it on level 14 of the Dungeon)
 19571 | D:15     | Learned a level 2 spell: Shroud of Golubria
 19573 | D:15     | Learned a level 1 spell: Apportation
 20000 | Orc:1    | Entered Level 1 of the Orcish Mines
 20050 | Orc:1    | Found Seomif's Quality Used Wands.
 20062 | Orc:1    | Bought a wand of disintegration (0) for 56 gold pieces
 20660 | Orc:2    | Found Sim Hate's Antique Armour Boutique.
 20679 | Orc:2    | Bought a shiny large shield for 117 gold pieces
 20871 | Orc:2    | Bought a pitted ring mail for 234 gold pieces
 20871 | Orc:2    | Bought a dazzling ring mail for 234 gold pieces
 20882 | Orc:2    | Identified the +4 ring mail "Gomaus" {Slay+2} (You bought it in a shop on level 2 of the Orcish Mines)
 20892 | Orc:2    | Identified the +0 ring mail of Patience {rN+ Dex+2} (You bought it in a shop on level 2 of the Orcish Mines)
 21393 | Lair:1   | Entered Level 1 of the Lair of Beasts
 22348 | Lair:2   | Gained mutation: You are powered by pain. [demonic ancestry]
 22348 | Lair:2   | Reached XP level 15. HP: 75/110 MP: 28/28
 23039 | Lair:2   | Got a pair of pitted gloves
 23058 | Lair:2   | Got a fine hand crossbow
 23079 | Lair:2   | Identified the cursed +0 hand crossbow of Descent {flame, Str+4} (You found it on level 2 of the Lair of Beasts)
 23497 | Lair:3   | Got a bloodstained ring mail
 23523 | Lair:3   | Identified the cursed +1 ring mail "Athebbur" {Dex+2} (You found it on level 3 of the Lair of Beasts)
 23548 | Lair:3   | Reached skill level 10 in Spellcasting
 24629 | Lair:4   | Got a distressingly furry chain mail
 24640 | Lair:4   | Identified the +0 chain mail "Qaox" {Regen+ rCorr Str+2 Int-2} (You acquired it on level 4 of the Lair of Beasts)
 24869 | Lair:5   | Noticed FIQ's ghost (powerful TrMo)
 24889 | Lair:5   | Reached skill level 10 in Shields
 24897 | Lair:5   | Killed FIQ's ghost
 25138 | Lair:5   | Found a labyrinth entrance.
 25161 | Lab      | Entered a labyrinth
 25872 | Lab      | Identified the Grimoire of the Traveller
 25985 | Lair:5   | Found a staircase to the Snake Pit.
 26003 | Snake:1  | Entered Level 1 of the Snake Pit
 26003 | Snake:1  | Found a glowing golden altar of the Shining One.
 26021 | Snake:1  | Reached skill level 10 in Hexes
 26355 | Snake:1  | Got an encrusted ring mail
 26366 | Snake:1  | Identified the +1 ring mail "Tanoikiq" {rPois Int+5} (You found it on level 1 of the Snake Pit)
 26787 | Snake:4  | Entered Level 4 of the Snake Pit
 26830 | Snake:4  | Noticed a greater naga
 26837 | Snake:4  | Noticed a greater naga
 26840 | Snake:4  | Killed a greater naga
 26843 | Snake:4  | Reached XP level 16. HP: 117/117 MP: 5/31
 26844 | Snake:4  | Noticed a greater naga
 26844 | Snake:4  | Noticed a greater naga
 26847 | Snake:4  | Killed a greater naga
 26861 | Snake:4  | Noticed a greater naga
 26862 | Snake:4  | Killed a greater naga
 26869 | Snake:4  | Killed a greater naga
 26873 | Snake:4  | Noticed a greater naga
 27168 | Snake:3  | HP: 5/117 [naga sharpshooter/arrow (16)]
 27169 | Snake:3  | Found a shattered altar of Ashenzari.
 27171 | Snake:3  | Shot with an arrow by a naga sharpshooter

Vault maps used:
D:1:      zaba_arrival_water
D:2:      lemuel_upstairs_altar, overflow_temple_1_default
D:3:      feat_on_display
D:4:      minmay_temple_entry_purple_smoke, hangedman_decor_clover_reticule
D:5:      first_bread, serial_shops, nicolae_shop_behind_doors, uniq_duvessa,
          uniq_blork_the_orc
D:6:      kennysheep_little_box, enter_ossuary_5, guppyfry_shop_venom,
          uniq_pikel, uniq_menkaure, uniq_crazy_yiuf_cottage
D:7:      grunt_temple_overflow_cloverleaf
D:8:      david_nohive_1, kennysheep_generic_room_2
D:9:      kennysheep_mini, lair_0_dummy, serial_shops, kennysheep_mini_moat,
          minmay_misc_feat_diagonals, kennysheep_potato
D:10:     hangedman_cross_cluster, serial_shops, nicolae_shop_waterfront,
          uniq_gastronok
D:11:     uniq_nergalle, uniq_urug
D:12:     david_orc_5, nrook_uturn, minivault_29
D:13:     hangedman_vaults_entry_quadrant_bands, hex_tiny, uniq_rupert
D:14:     corexii_leaking_fountain
D:15:     gammafunk_enter_depths_forms, serial_shops, nicolae_shop_behind_doors,
          bh_walls_and_bars
Temple:   circular_temple_12
Lair:1:   grunt_megastairs_4
Lair:2:   minmay_lindwurm_lava, grunt_megastairs_2
Lair:3:   minmay_lair_oklob_chamber, serial_bayou_crossing
Lair:4:   boulder_dual_corridor_run
Lair:5:   guppyfry_snake_entry_island, lab_entry_generic
Snake:1:  basic_altar, serial_bayou_shore_a
Snake:2:  basic_altar, grunt_ministairs_6, st_stairs_8, uniq_vashnia, uniq_aizul
Snake:3:  basic_altar, uniq_agnes
Snake:4:  snake_pit, nicolae_snake_lava_pool
Orc:1:    nicolae_for_you_no_charge
Orc:2:    serial_shops, nicolae_shop_stone
Orc:3:    portal_ice_cave_entry_pillars_03, nicolae_orc_pool_cavern
Lab:      nicolae_lab_statue, nicolae_lab_diamond, nicolae_lab_checkerboard,
          nicolae_lab_blocks, labyrinth_skeletal_remains, lab_fountain
Ossuary:  ossuary_due_mausoleum

Action                   |  1- 3 |  4- 6 |  7- 9 | 10-12 | 13-15 | 16-18 || total
-------------------------+-------+-------+-------+-------+-------+-------++-------
Melee: Hand axe          |    67 |    56 |    65 |       |       |       ||   188
       Short sword       |       |       |   137 |       |       |       ||   137
       Quarterstaff      |       |       |    37 |    90 |       |       ||   127
       War axe           |       |       |       |   349 |   864 |    82 ||  1295
       Flail             |       |       |       |    12 |       |       ||    12
Throw: Tomahawk          |       |       |     4 |       |       |       ||     4
       Throwing net      |       |       |       |     2 |       |       ||     2
 Cast: Confuse           |       |       |     5 |    17 |    41 |       ||    63
       Corona            |       |       |     8 |       |     6 |       ||    14
       Infusion          |       |       |       |    13 |    20 |       ||    33
       Spectral Weapon   |       |       |       |    14 |    22 |       ||    36
       Tukima's Dance    |       |       |       |    18 |    53 |     6 ||    77
Invok: Reject Sacrifices |       |     1 |       |       |       |       ||     1
       Disaster Area     |       |       |       |     1 |    11 |     1 ||    13
       Upheaval          |       |       |       |       |    18 |       ||    18
Evoke: Wand              |       |       |     2 |       |     9 |       ||    11
  Use: Scroll            |     8 |     5 |     5 |     8 |    18 |       ||    44
       Potion            |       |     1 |     2 |     1 |    13 |     3 ||    20
 Stab: Sleeping          |     1 |       |       |       |       |       ||     1
       Confused          |       |       |     3 |     3 |     9 |       ||    15
       Paralysed         |       |       |     1 |       |       |       ||     1
       Distracted        |       |       |       |     4 |     1 |     1 ||     6
       Held in net/web   |       |       |       |     1 |       |       ||     1
  Eat: Chunk             |     3 |     4 |     9 |    14 |    17 |       ||    47
       Fruit             |       |     3 |     5 |     7 |     4 |       ||    19
       Pizza             |       |     1 |       |       |     2 |       ||     3
       Beef jerky        |       |       |       |     3 |     5 |       ||     8
       Royal jelly       |       |       |       |       |     9 |       ||     9
